Predators vs Sharks

Created - May-05-13 at 11:40

Goals
1 2 3 T
Predators 0 3 0 3
Sharks 0 1 0 1
Shots
1 2 3 T
Predators 4 9 12 25
Sharks 8 12 4 24

1st period

No Goal

Penalties :
Rostislav Klesla (NSH) for Tripping (Minor) at 9:13, Andrew Shaw (SJS) for Interference (Minor) at 9:58

2nd period

1. Predators , Marian Gaborik 6 (Shea Weber, T.J. Oshie) at 3:11 (PP)
2. Sharks , Johnny Boychuk 4 (Ian White, Alex Tanguay) at 3:54 (PP)
3. Predators , Braydon Coburn 1 (Nicklas Backstrom, Marian Gaborik) at 13:51
4. Predators , Marian Gaborik 7 (Nicklas Backstrom, Braydon Coburn) at 18:24 (PP)

Penalties :
Mark Stuart (SJS) for Holding (Minor) at 2:14, Brandon Prust (NSH) for Hooking (Minor) at 3:20, Marian Gaborik (NSH) for High sticking (Minor) at 4:01, Ryan Malone (SJS) for Tripping (Minor) at 9:38, Johnny Boychuk (SJS) for Slashing (Double Minor) at 14:40

3rd period

No Goal

Penalties :
Mark Stuart (SJS) for Tripping (Minor) at 2:37, Jannik Hansen (SJS) for Hooking (Minor) at 7:17, Ryan Malone (SJS) for High sticking (Minor) at 14:51

Goalie Stats

Pekka Rinne (NSH), 23 saves from 24 shots - (0.958), W, 8-4-0, 60:00 minutes
Brian Elliott (SJS), 22 saves from 25 shots - (0.880), L, 6-5-2, 60:00 minutes

Players Stats for Predators

Player Name              G  A  P  +/- PIM S  H  SB GA TA FO     MP     PP MP  PK MP  
------------------------------------------------------------------------------------
Brandon Prust            0  0  0   0  2   0  3  0  0  0  1/1    12:32   0:00   1:06 
Braydon Coburn           1  1  2   1  0   2  1  1  0  0  0/0    21:53   5:50   1:45 
Deryk Engelland          0  0  0   0  0   0  4  1  0  0  0/0    17:10   0:22   1:45 
Jeff Petry               0  0  0   0  0   1  3  1  0  0  0/0    20:12   6:13   0:00 
Marian Gaborik           2  1  3   1  2   3  0  0  0  0  1/1    20:17   6:38   0:00 
Max Pacioretty           0  0  0   1  0   3  1  0  0  0  0/0    24:34   5:07   0:00 
Mikhail Grabovski        0  0  0   0  0   1  0  0  0  0  12/27  18:14   6:32   0:00 
Nicklas Backstrom        0  2  2   1  0   3  1  0  0  0  15/29  22:41   6:45   2:02 
Patric Hornqvist         0  0  0   0  0   1  0  0  0  0  0/1    11:27   0:00   0:00 
Paul Gaustad             0  0  0   0  0   0  0  0  0  0  0/4     1:38   0:22   1:16 
Raffi Torres             0  0  0   0  0   0  0  0  0  0  0/0     1:28   1:28   0:00 
Rostislav Klesla         0  0  0   0  2   2  3  2  0  0  0/0    18:42   5:28   0:00 
Sean Couturier           0  0  0   0  0   1  0  0  0  0  7/13   11:27   0:00   0:00 
Shea Weber               0  1  1   1  0   2  1  1  0  0  0/0    24:07   7:32   1:33 
Steven Stamkos           0  0  0   0  0   4  0  0  0  0  4/8    24:33   6:20   0:00 
T.J. Oshie               0  1  1   0  0   1  1  0  0  0  1/1    19:56   6:32   2:12 
Wayne Simmonds           0  0  0   0  0   1  0  0  0  0  0/0     6:39   0:22   0:00 
Zbynek Michalek          0  0  0   0  0   0  0  3  0  0  0/0    17:55   1:19   1:33 

Players Stats for Sharks

Player Name              G  A  P  +/- PIM S  H  SB GA TA FO     MP     PP MP  PK MP  
------------------------------------------------------------------------------------
Alex Tanguay             0  1  1  -1  0   3  0  2  0  0  0/1    16:56   0:52   3:55 
Andrew Ference           0  0  0  -1  0   1  2  3  0  0  0/0    22:20   1:06   7:18 
Andrew Shaw              0  0  0  -1  2   0  3  0  0  0  0/1    14:32   0:51   1:38 
Eric Belanger            0  0  0   0  0   0  0  1  0  0  11/22  13:00   0:00   8:57 
Ian White                0  1  1   0  0   0  0  3  0  0  0/0    24:52   2:12   6:30 
Jannik Hansen            0  0  0   0  2   0  2  0  0  0  0/1    11:32   0:00   7:30 
Jaromir Jagr             0  0  0   0  0   0  0  0  0  0  0/1     9:07   0:00   0:00 
Johan Franzen            0  0  0   0  0   4  0  0  0  0  2/3    19:19   2:26   0:00 
Johnny Boychuk           1  0  1   0  4   2  4  2  0  0  0/0    23:48   2:12   5:27 
Kyle Wellwood            0  0  0   0  0   3  0  0  0  0  3/7     9:07   0:00   0:00 
Lauri Korpikoski         0  0  0   0  0   1  1  0  0  0  1/4     8:47   0:00   4:44 
Mark Stuart              0  0  0   0  4   0  4  1  0  0  0/0    18:28   0:00   5:16 
Matt Niskanen            0  0  0   0  0   0  0  1  0  0  0/0    14:53   0:00   1:39 
Mike Ribeiro             0  0  0   0  0   0  1  0  0  0  14/26  20:27   2:26   0:00 
Ryan Malone              0  0  0   0  4   4  1  0  0  0  0/0     9:05   0:00   0:00 
Shane Doan               0  0  0   0  0   5  1  0  0  0  0/1    20:27   2:26   0:00 
Tomas Kaberle            0  0  0  -1  0   0  0  0  0  0  0/0    15:36   1:06   0:34 
Tyler Bozak              0  0  0  -1  0   1  2  0  0  0  13/18  13:01   0:52   0:00 

3 Stars

1 - Marian Gaborik (NSH)
2 - Braydon Coburn (NSH)
3 - Pekka Rinne (NSH)

Power Play

Predators - 2 on 8 Attempt(s) - 25.00%
Sharks - 1 on 3 Attempt(s) - 33.33%

Penalty Kill

Predators - 2 on 3 Attempt(s) - 66.67% - Score 0 goal in Penalty Kill
Sharks - 6 on 8 Attempt(s) - 75.00% - Score 0 goal in Penalty Kill

Official

Referees : Mike Leggo and Ian Walsh
Linesman : Mike Cvik and Ryan Galloway

Game Notes

No Game Note

Finance

Level 1 -- Attendance: 6500 (100.00%) -- Ticket Income $650,000
Level 2 -- Attendance: 5000 (100.00%) -- Ticket Income $300,000
Level 3 -- Attendance: 3500 (100.00%) -- Ticket Income $122,500
Level 4 -- Attendance: 1496 (100.00%) -- Ticket Income $29,920
Luxury Box -- Attendance: 1000 (100.00%) -- Ticket Income $200,000
Game was played at the HP Pavilion center
Total Attendance: 17496 (100.00%)
Total Ticket Income: $1,302,420
Other Income: $195,363
Total Income: $1,497,783


% Time on Ice - Predators

Lines # - Real PCT - Wanted PCT - Time Play
Normal Forward
1 - 31% - 36% - 13:10
2 - 27% - 33% - 11:12
3 - 15% - 25% - 6:17
4 - 27% - 6% - 11:27
Normal Defense
1 - 33% - 35% - 13:48
2 - 31% - 32% - 13:15
3 - 29% - 25% - 12:04
4 - 7% - 8% - 2:59
PP Forward
1 - 51% - 54% - 6:50
2 - 49% - 46% - 6:32
PP Defense
1 - 56% - 57% - 7:32
2 - 44% - 43% - 5:50
PK Forward
1 - 62% - 54% - 2:02
2 - 38% - 46% - 1:16
PK Defense
1 - 53% - 51% - 1:45
2 - 47% - 49% - 1:33
PK3 Forward
1 - 0% - 52%
2 - 0% - 48%
PK3 Defense
1 - 0% - 52%
2 - 0% - 48%
44 Forward
1 - 59% - 56% - 0:44
2 - 41% - 44% - 0:30
44 Defense
1 - 41% - 53% - 0:30
2 - 59% - 47% - 0:44
Last Minute Offensive  - 0:00
Last Minute Defensive  - 0:00
Total
Forward - 60:00
Defense - 60:00

% Time on Ice - Sharks

Lines # - Real PCT - Wanted PCT - Time Play
Normal Forward
1 - 40% - 40% - 16:53
2 - 29% - 30% - 12:03
3 - 22% - 20% - 9:07
4 - 10% - 10% - 4:03
Normal Defense
1 - 35% - 40% - 14:43
2 - 33% - 30% - 13:50
3 - 31% - 20% - 13:14
4 - 1% - 10% - 0:19
PP Forward
1 - 74% - 60% - 2:26
2 - 26% - 40% - 0:52
PP Defense
1 - 67% - 60% - 2:12
2 - 33% - 40% - 1:06
PK Forward
1 - 76% - 60% - 10:13
2 - 24% - 40% - 3:09
PK Defense
1 - 56% - 60% - 7:32
2 - 44% - 40% - 5:50
PK3 Forward
1 - 0% - 60%
2 - 0% - 40%
PK3 Defense
1 - 0% - 60%
2 - 0% - 40%
44 Forward
1 - 92% - 60% - 1:08
2 - 8% - 40% - 0:06
44 Defense
1 - 92% - 60% - 1:08
2 - 8% - 40% - 0:06
Last Minute Offensive  - 0:00
Last Minute Defensive  - 0:00
Total
Forward - 60:00
Defense - 60:00

Play by Play

1st period


0:01 of 1st period - Nicklas Backstrom wins face-off versus Mike Ribeiro in neutral zone.
0:10 of 1st period - Shot by Marian Gaborik.
0:10 of 1st period - Shot Blocked by Ian White.
1:12 of 1st period - Icing by Rostislav Klesla.
1:13 of 1st period - Tyler Bozak wins face-off versus Mikhail Grabovski in Predators zone.
1:31 of 1st period - Icing by Jeff Petry.
1:32 of 1st period - Mikhail Grabovski wins face-off versus Kyle Wellwood in Predators zone.
1:47 of 1st period - Shot by Jaromir Jagr.
1:47 of 1st period - Shot Blocked by Rostislav Klesla.
1:49 of 1st period - Shot by Kyle Wellwood.
1:49 of 1st period - Stopped by Pekka Rinne with a rebound.
1:53 of 1st period - Shot by Ryan Malone.
1:53 of 1st period - Shot Misses the Net.
2:11 of 1st period - Rostislav Klesla is hit by Ryan Malone and loses puck.
2:25 of 1st period - Icing by Mikhail Grabovski.
2:26 of 1st period - Tyler Bozak wins face-off versus Mikhail Grabovski in Predators zone.
2:33 of 1st period - Shot by Tyler Bozak.
2:33 of 1st period - Stopped by Pekka Rinne with a rebound.
2:44 of 1st period - Icing by Tomas Kaberle.
2:45 of 1st period - Tyler Bozak wins face-off versus Nicklas Backstrom in Sharks zone.
3:04 of 1st period - Shot by Tyler Bozak.
3:04 of 1st period - Shot Blocked by Deryk Engelland.
3:18 of 1st period - Shot by Max Pacioretty.
3:18 of 1st period - Stopped by Brian Elliott without a rebound.
3:19 of 1st period - Sean Couturier wins face-off versus Eric Belanger in Sharks zone.
3:20 of 1st period - Shot by Braydon Coburn.
3:20 of 1st period - Shot Blocked by Ian White.
3:26 of 1st period - Johnny Boychuk is hit by Brandon Prust and loses puck.
3:37 of 1st period - Shot by Lauri Korpikoski.
3:37 of 1st period - Stopped by Pekka Rinne without a rebound.
3:38 of 1st period - Steven Stamkos wins face-off versus Mike Ribeiro in Predators zone.
4:05 of 1st period - Shot by Shane Doan.
4:05 of 1st period - Stopped by Pekka Rinne with a rebound.
5:19 of 1st period - Icing by Eric Belanger.
5:20 of 1st period - Eric Belanger wins face-off versus Mikhail Grabovski in Sharks zone.
7:07 of 1st period - Shot by Nicklas Backstrom.
7:07 of 1st period - Deflect By Marian Gaborik.
7:07 of 1st period - Shot Misses the Net.
7:09 of 1st period - Shot by Marian Gaborik.
7:09 of 1st period - Stopped by Brian Elliott without a rebound.
7:10 of 1st period - Sean Couturier wins face-off versus Mike Ribeiro in Sharks zone.
9:04 of 1st period - Icing by Tyler Bozak.
9:05 of 1st period - Tyler Bozak wins face-off versus Mikhail Grabovski in Sharks zone.
9:11 of 1st period - Mark Stuart is hit by Jeff Petry and loses puck.
9:13 of 1st period - Minor Penalty to Rostislav Klesla for Tripping.
9:14 of 1st period - Nicklas Backstrom wins face-off versus Mike Ribeiro in Predators zone.
9:37 of 1st period - Shot by Shane Doan.
9:37 of 1st period - Stopped by Pekka Rinne without a rebound.
9:38 of 1st period - Tyler Bozak wins face-off versus Paul Gaustad in Predators zone.
9:41 of 1st period - Shot by Alex Tanguay.
9:41 of 1st period - Stopped by Pekka Rinne with a rebound.
9:45 of 1st period - Shot by Andrew Ference.
9:45 of 1st period - Shot Misses the Net.
9:58 of 1st period - Minor Penalty to Andrew Shaw for Interference.
9:59 of 1st period - Mike Ribeiro wins face-off versus Nicklas Backstrom in Sharks zone.
10:22 of 1st period - Shot by Steven Stamkos.
10:22 of 1st period - Shot Blocked by Johnny Boychuk.
10:27 of 1st period - Nicklas Backstrom is hit by Johnny Boychuk and loses puck.
10:45 of 1st period - Icing by Ian White.
10:46 of 1st period - Mikhail Grabovski wins face-off versus Mike Ribeiro in Sharks zone.
10:46 of 1st period - Mikhail Grabovski is hit by Johnny Boychuk.
11:42 of 1st period - Shot by Max Pacioretty.
11:42 of 1st period - Shot Misses the Net.
12:11 of 1st period - Shot by Deryk Engelland.
12:11 of 1st period - Shot Blocked by Matt Niskanen.
13:45 of 1st period - Icing by Ian White.
13:46 of 1st period - Mikhail Grabovski wins face-off versus Mike Ribeiro in Sharks zone.
13:51 of 1st period - Shot by Shea Weber.
13:51 of 1st period - Stopped by Brian Elliott without a rebound.
13:52 of 1st period - Eric Belanger wins face-off versus Nicklas Backstrom in Sharks zone.
13:52 of 1st period - Eric Belanger is hit by Nicklas Backstrom.
14:30 of 1st period - Eric Belanger is hit by Braydon Coburn and loses puck.
16:20 of 1st period - Zbynek Michalek is hit by Mark Stuart.
16:52 of 1st period - Shot by Kyle Wellwood.
16:52 of 1st period - Stopped by Pekka Rinne with a rebound.
16:54 of 1st period - Shot by Ryan Malone.
16:54 of 1st period - Shot Misses the Net.
17:00 of 1st period - Shot by Ryan Malone.
17:00 of 1st period - Shot Blocked by Zbynek Michalek.
17:02 of 1st period - Shot by Ryan Malone.
17:02 of 1st period - Stopped by Pekka Rinne without a rebound.
17:03 of 1st period - Mike Ribeiro wins face-off versus Nicklas Backstrom in Predators zone.
17:03 of 1st period - Johan Franzen is hit by Shea Weber and loses puck.
17:14 of 1st period - Shot by Max Pacioretty.
17:14 of 1st period - Stopped by Brian Elliott without a rebound.
17:15 of 1st period - Eric Belanger wins face-off versus Sean Couturier in Sharks zone.
17:37 of 1st period - Rostislav Klesla is hit by Jannik Hansen and loses puck.
19:15 of 1st period - Shot by Tyler Bozak.
19:15 of 1st period - Shot Blocked by Braydon Coburn.
19:57 of 1st period - Icing by Tomas Kaberle.
19:58 of 1st period - Tyler Bozak wins face-off versus Mikhail Grabovski in Sharks zone.

2nd period


0:01 of 2nd period - Mike Ribeiro wins face-off versus Steven Stamkos in neutral zone.
0:08 of 2nd period - Shot by Johan Franzen.
0:08 of 2nd period - Shot Misses the Net.
0:10 of 2nd period - Shot by Johan Franzen.
0:10 of 2nd period - Shot Blocked by Zbynek Michalek.
0:21 of 2nd period - Mike Ribeiro is hit by Deryk Engelland and loses puck.
2:14 of 2nd period - Minor Penalty to Mark Stuart for Holding.
2:15 of 2nd period - Marian Gaborik wins face-off versus Eric Belanger in Sharks zone.
2:22 of 2nd period - Shot by Shea Weber.
2:22 of 2nd period - Deflect By Nicklas Backstrom.
2:22 of 2nd period - Shot Blocked by Eric Belanger.
2:40 of 2nd period - Shot by Shea Weber.
2:40 of 2nd period - Shot Misses the Net.
2:42 of 2nd period - Shot by Jeff Petry.
2:42 of 2nd period - Shot Misses the Net.
2:44 of 2nd period - Shot by Jeff Petry.
2:44 of 2nd period - Stopped by Brian Elliott without a rebound.
2:45 of 2nd period - Mikhail Grabovski wins face-off versus Eric Belanger in Sharks zone.
3:01 of 2nd period - Shot by Braydon Coburn.
3:01 of 2nd period - Stopped by Brian Elliott without a rebound.
3:02 of 2nd period - Mikhail Grabovski wins face-off versus Eric Belanger in Sharks zone.
3:11 of 2nd period - Shot by Marian Gaborik.
3:11 of 2nd period - Goal by Marian Gaborik - Predators : 1 - Sharks : 0.
3:12 of 2nd period - Mike Ribeiro wins face-off versus Sean Couturier in neutral zone.
3:20 of 2nd period - Minor Penalty to Brandon Prust for Hooking.
3:21 of 2nd period - Nicklas Backstrom wins face-off versus Mike Ribeiro in Predators zone.
3:44 of 2nd period - Shot by Johan Franzen.
3:44 of 2nd period - Stopped by Pekka Rinne without a rebound.
3:45 of 2nd period - Tyler Bozak wins face-off versus Paul Gaustad in Predators zone.
3:54 of 2nd period - Shot by Johnny Boychuk.
3:54 of 2nd period - Goal by Johnny Boychuk - Predators : 1 - Sharks : 1.
3:55 of 2nd period - Johan Franzen wins face-off versus Nicklas Backstrom in neutral zone.
4:01 of 2nd period - Minor Penalty to Marian Gaborik for High sticking.
4:02 of 2nd period - Mike Ribeiro wins face-off versus Nicklas Backstrom in Predators zone.
4:11 of 2nd period - Shot by Shane Doan.
4:11 of 2nd period - Stopped by Pekka Rinne without a rebound.
4:12 of 2nd period - Nicklas Backstrom wins face-off versus Mike Ribeiro in Predators zone.
4:23 of 2nd period - Shot by Ian White.
4:23 of 2nd period - Shot Misses the Net.
4:31 of 2nd period - Shot by Johan Franzen.
4:31 of 2nd period - Shot Misses the Net.
4:51 of 2nd period - Shot by Shane Doan.
4:51 of 2nd period - Stopped by Pekka Rinne without a rebound.
4:52 of 2nd period - Tyler Bozak wins face-off versus Paul Gaustad in Predators zone.
4:53 of 2nd period - Shot by Alex Tanguay.
4:53 of 2nd period - Stopped by Pekka Rinne without a rebound.
4:54 of 2nd period - Tyler Bozak wins face-off versus Paul Gaustad in Predators zone.
5:10 of 2nd period - Shot by Andrew Ference.
5:10 of 2nd period - Shot Misses the Net.
5:12 of 2nd period - Shot by Andrew Ference.
5:12 of 2nd period - Stopped by Pekka Rinne without a rebound.
5:13 of 2nd period - Mike Ribeiro wins face-off versus Nicklas Backstrom in Predators zone.
5:18 of 2nd period - Shot by Johan Franzen.
5:18 of 2nd period - Shot Blocked by Shea Weber.
5:20 of 2nd period - Shot by Johnny Boychuk.
5:20 of 2nd period - Shot Blocked by Zbynek Michalek.
5:22 of 2nd period - Shot by Johan Franzen.
5:22 of 2nd period - Stopped by Pekka Rinne without a rebound.
5:23 of 2nd period - Nicklas Backstrom wins face-off versus Mike Ribeiro in Predators zone.
5:44 of 2nd period - Shot by Johnny Boychuk.
5:44 of 2nd period - Stopped by Pekka Rinne with a rebound.
6:01 of 2nd period - Shane Doan is hit by Rostislav Klesla.
6:04 of 2nd period - Alex Tanguay is hit by Jeff Petry and loses puck.
6:12 of 2nd period - Off-side.
6:13 of 2nd period - T.J. Oshie wins face-off versus Jaromir Jagr in neutral zone.
6:27 of 2nd period - Shot by Steven Stamkos.
6:27 of 2nd period - Shot Misses the Net.
6:50 of 2nd period - Ryan Malone is hit by Rostislav Klesla and loses puck.
7:24 of 2nd period - Shot by Johan Franzen.
7:24 of 2nd period - Stopped by Pekka Rinne without a rebound.
7:25 of 2nd period - Sean Couturier wins face-off versus Andrew Shaw in Predators zone.
7:25 of 2nd period - Sean Couturier is hit by Andrew Shaw.
7:28 of 2nd period - Icing by Zbynek Michalek.
7:29 of 2nd period - Tyler Bozak wins face-off versus Patric Hornqvist in Predators zone.
7:36 of 2nd period - Shot by Alex Tanguay.
7:36 of 2nd period - Stopped by Pekka Rinne without a rebound.
7:37 of 2nd period - Mike Ribeiro wins face-off versus Nicklas Backstrom in Predators zone.
8:19 of 2nd period - Marian Gaborik is hit by Mike Ribeiro and loses puck.
9:01 of 2nd period - Steven Stamkos is hit by Tyler Bozak and loses puck.
9:11 of 2nd period - Icing by Jeff Petry.
9:12 of 2nd period - Kyle Wellwood wins face-off versus Mikhail Grabovski in Predators zone.
9:34 of 2nd period - Matt Niskanen is hit by Rostislav Klesla and loses puck.
9:38 of 2nd period - Minor Penalty to Ryan Malone for Tripping.
9:39 of 2nd period - Nicklas Backstrom wins face-off versus Eric Belanger in Sharks zone.
10:01 of 2nd period - Icing by Jeff Petry.
10:02 of 2nd period - Nicklas Backstrom wins face-off versus Jannik Hansen in Predators zone.
10:02 of 2nd period - Nicklas Backstrom is hit by Jannik Hansen.
10:17 of 2nd period - Icing by Shea Weber.
10:18 of 2nd period - Steven Stamkos wins face-off versus Eric Belanger in Predators zone.
10:59 of 2nd period - Braydon Coburn is hit by Mark Stuart and loses puck.
11:41 of 2nd period - Icing by Tomas Kaberle.
11:42 of 2nd period - Sean Couturier wins face-off versus Shane Doan in Sharks zone.
11:42 of 2nd period - Deryk Engelland is hit by Andrew Ference and loses puck.
12:08 of 2nd period - Off-side.
12:09 of 2nd period - Tyler Bozak wins face-off versus Nicklas Backstrom in neutral zone.
12:12 of 2nd period - Shot by Andrew Shaw.
12:12 of 2nd period - Shot Misses the Net.
12:50 of 2nd period - Off-side.
12:51 of 2nd period - Steven Stamkos wins face-off versus Mike Ribeiro in neutral zone.
12:57 of 2nd period - Icing by Ian White.
12:58 of 2nd period - Johan Franzen wins face-off versus Mikhail Grabovski in Sharks zone.
13:00 of 2nd period - Icing by Mike Ribeiro.
13:01 of 2nd period - Mike Ribeiro wins face-off versus Mikhail Grabovski in Sharks zone.
13:06 of 2nd period - Shot by Johan Franzen.
13:06 of 2nd period - Shot Misses the Net.
13:12 of 2nd period - Shot by Shane Doan.
13:12 of 2nd period - Shot Misses the Net.
13:33 of 2nd period - Off-side.
13:34 of 2nd period - Nicklas Backstrom wins face-off versus Tyler Bozak in neutral zone.
13:47 of 2nd period - Shot by Marian Gaborik.
13:47 of 2nd period - Shot Misses the Net.
13:49 of 2nd period - Shot by Nicklas Backstrom.
13:49 of 2nd period - Shot Blocked by Andrew Ference.
13:51 of 2nd period - Shot by Braydon Coburn.
13:51 of 2nd period - Goal by Braydon Coburn - Predators : 2 - Sharks : 1.
13:52 of 2nd period - Kyle Wellwood wins face-off versus Sean Couturier in neutral zone.
13:52 of 2nd period - Ryan Malone is hit by Brandon Prust and loses puck.
13:56 of 2nd period - Mark Stuart is hit by Deryk Engelland and loses puck.
13:59 of 2nd period - Shot by Ryan Malone.
13:59 of 2nd period - Stopped by Pekka Rinne with a rebound.
14:10 of 2nd period - Kyle Wellwood is hit by Deryk Engelland and loses puck.
14:16 of 2nd period - Icing by Zbynek Michalek.
14:17 of 2nd period - Sean Couturier wins face-off versus Mike Ribeiro in Predators zone.
14:17 of 2nd period - Sean Couturier is hit by Shane Doan.
14:24 of 2nd period - Zbynek Michalek is hit by Johnny Boychuk and loses puck.
14:40 of 2nd period - Double Minor Penalty to Johnny Boychuk for Slashing.
14:41 of 2nd period - Nicklas Backstrom wins face-off versus Eric Belanger in Sharks zone.
15:05 of 2nd period - Steven Stamkos is hit by Andrew Ference and loses puck.
15:10 of 2nd period - Shot by Marian Gaborik.
15:10 of 2nd period - Shot Misses the Net.
15:16 of 2nd period - Shot by Nicklas Backstrom.
15:16 of 2nd period - Stopped by Brian Elliott with a rebound.
15:18 of 2nd period - Shot by Marian Gaborik.
15:18 of 2nd period - Shot Misses the Net.
15:20 of 2nd period - Shot by Nicklas Backstrom.
15:20 of 2nd period - Stopped by Brian Elliott without a rebound.
15:21 of 2nd period - Mikhail Grabovski wins face-off versus Lauri Korpikoski in Sharks zone.
15:52 of 2nd period - Shot by Rostislav Klesla.
15:52 of 2nd period - Stopped by Brian Elliott without a rebound.
15:53 of 2nd period - Eric Belanger wins face-off versus Nicklas Backstrom in Sharks zone.
16:07 of 2nd period - Off-side.
16:08 of 2nd period - Eric Belanger wins face-off versus Mikhail Grabovski in neutral zone.
16:23 of 2nd period - Shot by Mikhail Grabovski.
16:23 of 2nd period - Stopped by Brian Elliott without a rebound.
16:24 of 2nd period - Nicklas Backstrom wins face-off versus Eric Belanger in Sharks zone.
18:20 of 2nd period - Shot by Nicklas Backstrom.
18:20 of 2nd period - Shot Misses the Net.
18:24 of 2nd period - Shot by Nicklas Backstrom.
18:24 of 2nd period - Deflect By Marian Gaborik.
18:24 of 2nd period - Goal by Marian Gaborik - Predators : 3 - Sharks : 1.
18:25 of 2nd period - Sean Couturier wins face-off versus Mike Ribeiro in neutral zone.
18:35 of 2nd period - Icing by Ian White.
18:36 of 2nd period - Mike Ribeiro wins face-off versus Sean Couturier in Sharks zone.
18:51 of 2nd period - Shot by Johan Franzen.
18:51 of 2nd period - Shot Misses the Net.
18:53 of 2nd period - Shot by Johan Franzen.
18:53 of 2nd period - Deflect By Mike Ribeiro.
18:53 of 2nd period - Shot Misses the Net.
18:55 of 2nd period - Shot by Shane Doan.
18:55 of 2nd period - Stopped by Pekka Rinne without a rebound.
18:56 of 2nd period - Nicklas Backstrom wins face-off versus Kyle Wellwood in Predators zone.
19:20 of 2nd period - Shot by Max Pacioretty.
19:20 of 2nd period - Shot Misses the Net.
19:22 of 2nd period - Shot by Nicklas Backstrom.
19:22 of 2nd period - Shot Blocked by Mark Stuart.

3rd period


0:01 of 3rd period - Mike Ribeiro wins face-off versus Steven Stamkos in neutral zone.
0:11 of 3rd period - Icing by Braydon Coburn.
0:12 of 3rd period - Tyler Bozak wins face-off versus Steven Stamkos in Predators zone.
0:40 of 3rd period - Off-side.
0:41 of 3rd period - Sean Couturier wins face-off versus Johan Franzen in neutral zone.
1:02 of 3rd period - Shot by Sean Couturier.
1:02 of 3rd period - Shot Misses the Net.
1:56 of 3rd period - Shea Weber is hit by Andrew Shaw and loses puck.
2:08 of 3rd period - Shot by Nicklas Backstrom.
2:08 of 3rd period - Stopped by Brian Elliott without a rebound.
2:09 of 3rd period - Mikhail Grabovski wins face-off versus Kyle Wellwood in Sharks zone.
2:10 of 3rd period - Shot by Steven Stamkos.
2:10 of 3rd period - Shot Misses the Net.
2:21 of 3rd period - T.J. Oshie is hit by Mark Stuart and loses puck.
2:37 of 3rd period - Minor Penalty to Mark Stuart for Tripping.
2:38 of 3rd period - Eric Belanger wins face-off versus Nicklas Backstrom in Sharks zone.
2:56 of 3rd period - Off-side.
2:57 of 3rd period - Eric Belanger wins face-off versus Mikhail Grabovski in neutral zone.
3:08 of 3rd period - Shot by Braydon Coburn.
3:08 of 3rd period - Shot Misses the Net.
3:10 of 3rd period - Shot by T.J. Oshie.
3:10 of 3rd period - Stopped by Brian Elliott without a rebound.
3:11 of 3rd period - Eric Belanger wins face-off versus Nicklas Backstrom in Sharks zone.
3:30 of 3rd period - Shot by Steven Stamkos.
3:30 of 3rd period - Shot Misses the Net.
4:23 of 3rd period - Icing by Braydon Coburn.
4:24 of 3rd period - Eric Belanger wins face-off versus Mikhail Grabovski in Predators zone.
4:54 of 3rd period - Shot by Patric Hornqvist.
4:54 of 3rd period - Stopped by Brian Elliott without a rebound.
4:55 of 3rd period - Steven Stamkos wins face-off versus Tyler Bozak in Sharks zone.
6:02 of 3rd period - Mike Ribeiro is hit by Brandon Prust and loses puck.
6:16 of 3rd period - Mike Ribeiro is hit by Jeff Petry and loses puck.
6:24 of 3rd period - Rostislav Klesla is hit by Johnny Boychuk and loses puck.
6:59 of 3rd period - Shot by Marian Gaborik.
6:59 of 3rd period - Shot Misses the Net.
7:10 of 3rd period - Shot by Kyle Wellwood.
7:10 of 3rd period - Stopped by Pekka Rinne without a rebound.
7:11 of 3rd period - Eric Belanger wins face-off versus Mikhail Grabovski in Predators zone.
7:14 of 3rd period - Shot by Jannik Hansen.
7:14 of 3rd period - Shot Misses the Net.
7:17 of 3rd period - Minor Penalty to Jannik Hansen for Hooking.
7:18 of 3rd period - Nicklas Backstrom wins face-off versus Eric Belanger in Sharks zone.
7:19 of 3rd period - Shot by Shea Weber.
7:19 of 3rd period - Shot Blocked by Andrew Ference.
7:21 of 3rd period - Shot by Jeff Petry.
7:21 of 3rd period - Shot Misses the Net.
7:23 of 3rd period - Shot by Marian Gaborik.
7:23 of 3rd period - Deflect By Steven Stamkos.
7:23 of 3rd period - Shot Misses the Net.
8:29 of 3rd period - Shot by Rostislav Klesla.
8:29 of 3rd period - Deflect By Mikhail Grabovski.
8:29 of 3rd period - Shot Blocked by Alex Tanguay.
8:31 of 3rd period - Shot by Braydon Coburn.
8:31 of 3rd period - Shot Blocked by Johnny Boychuk.
8:33 of 3rd period - Shot by Rostislav Klesla.
8:33 of 3rd period - Stopped by Brian Elliott without a rebound.
8:34 of 3rd period - Eric Belanger wins face-off versus Mikhail Grabovski in Sharks zone.
8:34 of 3rd period - Eric Belanger is hit by T.J. Oshie.
8:55 of 3rd period - Shot by Max Pacioretty.
8:55 of 3rd period - Stopped by Brian Elliott without a rebound.
8:56 of 3rd period - Nicklas Backstrom wins face-off versus Lauri Korpikoski in Sharks zone.
9:09 of 3rd period - Shot by Shea Weber.
9:09 of 3rd period - Stopped by Brian Elliott without a rebound.
9:10 of 3rd period - Nicklas Backstrom wins face-off versus Lauri Korpikoski in Sharks zone.
10:32 of 3rd period - Shot by Steven Stamkos.
10:32 of 3rd period - Stopped by Brian Elliott without a rebound.
10:33 of 3rd period - Kyle Wellwood wins face-off versus Nicklas Backstrom in Sharks zone.
11:07 of 3rd period - Icing by Matt Niskanen.
11:08 of 3rd period - Mikhail Grabovski wins face-off versus Kyle Wellwood in Sharks zone.
11:09 of 3rd period - Shot by Shea Weber.
11:09 of 3rd period - Shot Misses the Net.
11:23 of 3rd period - Shot by Ryan Malone.
11:23 of 3rd period - Stopped by Pekka Rinne without a rebound.
11:24 of 3rd period - Mike Ribeiro wins face-off versus Steven Stamkos in Predators zone.
11:54 of 3rd period - Shot by Wayne Simmonds.
11:54 of 3rd period - Shot Blocked by Ian White.
11:56 of 3rd period - Shot by Braydon Coburn.
11:56 of 3rd period - Shot Misses the Net.
12:26 of 3rd period - Shot by Sean Couturier.
12:26 of 3rd period - Shot Blocked by Andrew Ference.
12:28 of 3rd period - Shot by Sean Couturier.
12:28 of 3rd period - Stopped by Brian Elliott without a rebound.
12:29 of 3rd period - Mikhail Grabovski wins face-off versus Tyler Bozak in Sharks zone.
12:46 of 3rd period - Shot by Mikhail Grabovski.
12:46 of 3rd period - Shot Blocked by Alex Tanguay.
12:55 of 3rd period - Andrew Shaw is hit by Deryk Engelland and loses puck.
13:54 of 3rd period - Shot by Jannik Hansen.
13:54 of 3rd period - Shot Misses the Net.
14:34 of 3rd period - Shot by Mike Ribeiro.
14:34 of 3rd period - Shot Blocked by Rostislav Klesla.
14:51 of 3rd period - Minor Penalty to Ryan Malone for High sticking.
14:52 of 3rd period - Mikhail Grabovski wins face-off versus Eric Belanger in Sharks zone.
15:25 of 3rd period - Shea Weber is hit by Lauri Korpikoski and loses puck.
16:05 of 3rd period - Shot by Deryk Engelland.
16:05 of 3rd period - Shot Misses the Net.
16:11 of 3rd period - Shot by Wayne Simmonds.
16:11 of 3rd period - Stopped by Brian Elliott without a rebound.
16:12 of 3rd period - Nicklas Backstrom wins face-off versus Eric Belanger in Sharks zone.
16:35 of 3rd period - Shot by Steven Stamkos.
16:35 of 3rd period - Stopped by Brian Elliott without a rebound.
16:36 of 3rd period - Lauri Korpikoski wins face-off versus Mikhail Grabovski in Sharks zone.
16:42 of 3rd period - Icing by Shea Weber.
16:43 of 3rd period - Mikhail Grabovski wins face-off versus Alex Tanguay in Predators zone.
17:53 of 3rd period - Shot by Steven Stamkos.
17:53 of 3rd period - Stopped by Brian Elliott without a rebound.
17:54 of 3rd period - Mikhail Grabovski wins face-off versus Tyler Bozak in Sharks zone.
17:57 of 3rd period - Shot by Steven Stamkos.
17:57 of 3rd period - Stopped by Brian Elliott without a rebound.
17:58 of 3rd period - Tyler Bozak wins face-off versus Nicklas Backstrom in Sharks zone.
18:19 of 3rd period - Shea Weber is hit by Tyler Bozak and loses puck.
18:34 of 3rd period - Ian White is hit by Max Pacioretty and loses puck.
19:04 of 3rd period - Steven Stamkos is hit by Mark Stuart and loses puck.
19:13 of 3rd period - Shot by Kyle Wellwood.
19:13 of 3rd period - Shot Blocked by Jeff Petry.
19:15 of 3rd period - Shot by Kyle Wellwood.
19:15 of 3rd period - Shot Misses the Net.
19:17 of 3rd period - Shot by Ryan Malone.
19:17 of 3rd period - Stopped by Pekka Rinne without a rebound.
19:18 of 3rd period - Mike Ribeiro wins face-off versus Sean Couturier in Predators zone.
19:19 of 3rd period - Shot by Johan Franzen.
19:19 of 3rd period - Stopped by Pekka Rinne without a rebound.
19:20 of 3rd period - Mike Ribeiro wins face-off versus Mikhail Grabovski in Predators zone.
19:37 of 3rd period - Icing by Andrew Ference.
19:38 of 3rd period - Mike Ribeiro wins face-off versus Sean Couturier in Sharks zone.
19:54 of 3rd period - Icing by Zbynek Michalek.
19:55 of 3rd period - Brandon Prust wins face-off versus Tyler Bozak in Predators zone.
19:55 of 3rd period - Brandon Prust is hit by Andrew Shaw.


Output by the SimonT Hockey Simulator (STHS) for Stephane Roy -- Original Page W3C XHTML 1.0 Valid
Hockey Simulator - Hockey Simulation - Hockey Manager